 Dungeon Crawl Stone Soup version 0.28.0-1-gb440e238dd (webtiles) character file.

Game seed: 17111358468506520864

11 croobank the Sneak (level 2, -1/14 HPs)
             Began as a Felid Delver on Feb 20, 2022.
             Slain by a quokka (5 damage)
             ... on level 1 of the Dungeon.
             The game lasted 00:02:37 (511 turns).

croobank the Sneak (Felid Delver)                    Turns: 511, Time: 00:02:38

Health: -1/14      AC:  1    Str:  8    XL:     2   Next: 17%
Magic:  3/3        EV: 22    Int: 11    God:
Gold:   5          SH:  0    Dex: 17    Spells: 1/1 levels left
                                        Lives:  0   Deaths: 0

rFire   + . .      SeeInvis +     - Unarmed
rCold   + . .      Faith    .   (shield unavailable)
rNeg    . . .      Spirit   .   (armour unavailable)
rPois   +          Reflect  .   (helmet unavailable)
rElec   +          Harm     .   (cloak unavailable)
rCorr   +          Rampage  .   (gloves unavailable)
Will    .....                   (boots unavailable)
Stlth   ++++......              (no amulet)
HPRegen 0.04/turn               c - +4 ring of evasion
MPRegen 0.08/turn               (no ring)

@: resistant, quick
A: very small, claws 1, fangs 3, see invisible, speed 1, shaggy fur 1, stealthy
paws, no weapons or thrown items, no armour, multi-lived
a: no special abilities


You were on level 1 of the Dungeon.
You visited 1 branch of the dungeon, and saw 5 of its levels.

You collected 5 gold pieces.

Inventory:

Jewellery
 c - a +4 ring of evasion (left paw)
Wands
 e - a wand of digging (3)
Scrolls
 a - a scroll of fog
 b - a scroll of magic mapping
Potions
 i - a potion of cancellation {unknown}


   Skills:
 + Level 3.1 Fighting
 + Level 3.0 Dodging
 + Level 6.8 Stealth
 + Level 2.2 Unarmed Combat


You had one spell level left.
You didn't know any spells.
Your spell library was empty.

Dungeon Overview and Level Annotations

Branches:
Dungeon (5/15)
 Temple: D:4-7

Altars:


Innate Abilities, Weirdness & Mutations

You have sharp claws.
You have razor-sharp teeth.
You have supernaturally acute eyesight. (SInv)
You cover ground quickly. (Speed+)
You are covered in fur. (AC +1)
Your paws help you pounce on unaware monsters.
You are incapable of wielding weapons or throwing items.
You cannot wear armour.
You gain extra lives every three experience levels.


Message History

Your extra speed is starting to run out.
You pounce on the unaware helpless rat!
You mangle the rat!!
You kill the rat!
A goblin comes into view. It is wielding a +0 club.
You see here a rat corpse.
You feel yourself slow down.
The helpless goblin fails to defend itself.
You mangle the goblin!!
You kill the goblin!
You see here a +4 ring of evasion.
c - a +4 ring of evasion Nothing quivered!
c - a +4 ring of evasion (left paw)
Found 5 gold pieces.
A hobgoblin comes into view.
You see here 5 gold pieces.
You now have 5 gold pieces.
You pounce on the unaware helpless hobgoblin!
You claw the hobgoblin!
You kill the hobgoblin!
A hobgoblin comes into view.
The hobgoblin shouts!
You feel a little less clever now.
An endoplasm comes into view.
Found 10 gold pieces. 2 ball pythons come into view.
Found a scroll of fog and 4 gold pieces.
Found a faded altar of an unknown god.
The quokka completely misses you.
Found 15 stones.
It was a potion of resistance.
You feel protected. The quokka misses you.
You closely miss the quokka. You bite the quokka.
The quokka is moderately wounded.
The quokka closely misses you.
You closely miss the quokka.
The quokka is moderately wounded.
The quokka bites you.
You die...

#..............#.......#.
#.#....#####...#.......#.
#.###### ###g#.......#
#.# #.#.......# #.###
#.#######.# ##.$########
#.# ##..#......
#....##### #...#..r@.#
#.....######.# ##?S.# .#
#..$. .# #...#. .. .S.###
.. ..# .(. ###


You could see a quokka.

Vanquished Creatures
  3 bats
  2 goblins
  2 hobgoblins
  A kobold (D:2)
  2 rats
10 creatures vanquished.

Notes
Turn   | Place    | Note
-------+----------+-------------------------------------------
     0 | D:5      | croobank the Felid Delver began the quest for the Orb.
     0 | D:5      | Reached XP level 1. HP: 10/10 MP: 2/2
   112 | D:4      | Noticed an orc wizard
   112 | D:4      | Noticed an orc wizard
   407 | D:1      | Reached XP level 2. HP: 7/14 MP: 3/3
   502 | D:1      | Found a faded altar of an unknown god.
   511 | D:1      | Slain by a quokka

Illustrated notes

Levels and vault maps discovered:
D:1:      minmay_arrival_hallway, layout_basic, serial_shops,
          nicolae_shop_temple_entry_statues_fountains,
          nicolae_ecumenical_snake_handling
D:2:      layout_loops_ring, minmay_divided_ellipse, uniq_sigmund
D:3:      layout_basic, chequers_temple_overflow_statue_of_worship,
          lemuel_round_altar, minmay_misc_feat_encased
D:4:      layout_cave_pools, slow_altar_1, serial_column_ruins,
          column_ruins_circle_large, column_ruins_hut, column_ruins_grid_1,
          column_ruins_grid_1, column_ruins_grid_1, column_ruins_open_tiny,
          column_ruins_open_tiny, column_ruins_corridor_corner,
          column_ruins_grid_1, minmay_goblin_kobold_house
D:5:      layout_loops_ring, nicolae_wormholes

Skill      XL: |  1 |
---------------+----+-----
Dodging        | 3 |  3.0
Fighting       | |  3.1
Stealth        | |  6.8
Unarmed Combat | |  2.2

Action                   || total
-------------------------++-------
Melee: Unarmed           ||    28
       Punch             ||     1
       Bite              ||     1
  Use: Potion            ||     4
       Scroll            ||     1
 Stab: Sleeping          ||     6
Armor: Skin              ||     2
Dodge: Dodged            ||    22
